 Dungeon Crawl Stone Soup version 0.27.0-1-g7a089689b8 (webtiles) character file.

Game seed: 12245254319581247904

168 horus123 the Slasher (level 5, 0/41 HPs)
             Began as a Demonspawn Fighter on Aug 15, 2021.
             Was an Initiate of Wu Jian.
             Killed by divine providence
             ... invoked by an orc priest
              (8 damage)
             ... on level 4 of the Dungeon.
             The game lasted 00:05:12 (3058 turns).

horus123 the Slasher (Demonspawn Fighter)           Turns: 3058, Time: 00:05:14

Health: 0/41       AC:  9    Str: 17    XL:     5   Next: 23%
Magic:  5/5        EV: 12    Int:  9    God:    Wu Jian [......]
Gold:   173        SH: 13    Dex: 13    Spells: 4/4 levels left

rFire    . . .     SeeInvis .   a - +0 long sword (flame)
rCold    . . .     Faith    .   c - +0 kite shield
rNeg     . . .     Spirit   .   e - +0 chain mail
rPois    .         Reflect  .   (no helmet)
rElec    .         Harm     .   (no cloak)
rCorr    .         Rampage  .   (no gloves)
Will     .....                  (no boots)
Stlth    ..........             (no amulet)
HPRegen  0.13/turn              g - +4 ring of evasion
MPRegen  0.09/turn              m - +4 ring of evasion

@: no status effects
A: condensation shield
a: Renounce Religion


You were on level 4 of the Dungeon.
You worshipped Wu Jian.
Wu Jian was noncommittal.
You visited 1 branch of the dungeon, and saw 4 of its levels.

You collected 173 gold pieces.

Inventory:

Hand Weapons
 a - a +0 long sword of flaming (weapon)
Armour
 c - a +0 kite shield (worn)
 e - a +0 chain mail (worn)
Jewellery
 g - a +4 ring of evasion (left hand)
 m - a +4 ring of evasion (right hand)
Wands
 l - a wand of polymorph (6)
Scrolls
 b - 5 scrolls of identify
 f - a scroll of magic mapping
Potions
 d - a potion of brilliance {unknown}
 h - a potion of flight {unknown}
 i - a potion of attraction {unknown}
 j - 2 potions of cancellation {unknown}
 n - a potion of lignification {unknown}
 o - a potion of curing {unknown}


   Skills:
 + Level 3.3 Fighting
 * Level 4.1 Long Blades
 + Level 3.1 Armour
 * Level 0.2 Dodging
 + Level 0.2 Stealth
 + Level 3.2 Shields


You had 4 spell levels left.
You didn't know any spells.
Your spell library was empty.

Dungeon Overview and Level Annotations

Branches:
Dungeon (4/15)
 Temple: D:4-7

Altars:
Wu Jian
Xom


Innate Abilities, Weirdness & Mutations

A meltable shield of frost defends you. (SH +4)


Message History

You block the orc's attack.
You hit the orc. You burn the orc.
You kill the orc!
The Council accepts your kill. You block the orc priest's attack.
You have reached level 5!
You slash the orc priest! You burn the orc priest.
The orc priest is severely wounded.
The orc priest looks satisfied for a moment. x2
You completely miss the orc priest.
The orc priest is severely wounded.
The orc priest casts a cantrip, but nothing happens.
The orc priest barely misses you.
You riposte.
You hit the orc priest. You burn the orc priest.
The orc priest is almost dead.
You closely miss the orc priest.
The orc priest is almost dead.
The orc priest hits you with a +0 club.
You hit the orc priest. You burn the orc priest.
You kill the orc priest!
The Council accepts your kill. The orc misses you.
Your Long Blades skill increases to level 4!
You hit the orc. You burn the orc.
The orc is severely wounded.
The orc hits you but does no damage.
You slash the orc! You burn the orc.
You kill the orc!
The Council accepts your kill.
You hit the orc priest but do no damage.
The orc priest looks encouraged for a moment.
You block the orc priest's attack.
You closely miss the orc priest.
The orc priest mumbles some strange prayers to Beogh against you.
Beogh smites you!
* * * LOW HITPOINT WARNING * * *
You block the orc priest's attack.
The orc priest mumbles some strange prayers to Beogh against you.
Beogh smites you!
You die...

.######## #.# .# .# #.#
#.# .## #.# .. ..#
####.###.# .(# #........
# ..# ###.##.##.# ##.#
..####.>....##.# .....
.......#.##....###...[.#
.........##.#.oo@......#
.......#.##.#..###.....#
..####.#......># ....#
..# #......#..# #### ..#
###.####o.# ..# #.# #..#
.## #.# #..# #.# ....
#.. ##


You could see 2 orc priests.

Vanquished Creatures
  An orc priest (D:4)
  3 gnolls (D:3)
  An adder (D:2)
  A shadow imp (D:4)
  2 worms
  2 dart slugs (D:1)
  9 orcs
  5 ball pythons
  7 endoplasms
  3 giant cockroaches
  3 goblins
  6 hobgoblins
  10 jackals
  4 kobolds
  5 bats
  2 frilled lizards
  4 rats
68 creatures vanquished.

Notes
Turn   | Place    | Note
-------+----------+-------------------------------------------
     0 | D:1      | horus123 the Demonspawn Fighter began the quest for the
                  | Orb.
     0 | D:1      | Reached XP level 1. HP: 18/18 MP: 1/1
   163 | D:1      | Reached skill level 2 in Long Blades
   163 | D:1      | Gained mutation: A meltable shield of frost defends you.
                  | (SH +4) [demonic ancestry]
   163 | D:1      | Reached XP level 2. HP: 17/24 MP: 2/2
   426 | D:1      | Found a faded altar of an unknown god.
   941 | D:1      | Reached XP level 3. HP: 29/29 MP: 3/3
  1578 | D:2      | Reached skill level 3 in Long Blades
  2026 | D:3      | Reached XP level 4. HP: 35/35 MP: 4/4
  2087 | D:3      | Found an ornate altar of the Wu Jian Council.
  2377 | D:3      | Found a shimmering altar of Xom.
  2956 | D:3      | Became a worshipper of the Wu Jian Council
  3051 | D:4      | Reached XP level 5. HP: 19/41 MP: 5/5
  3055 | D:4      | Reached skill level 4 in Long Blades
  3058 | D:4      | Killed from afar by an orc priest

Illustrated notes

Levels and vault maps discovered:
D:1:      wander_arrival_desolate, layout_basic,
          hellmonk_ecumenical_altar_pennies_from_heaven,
          minmay_misc_feat_four_crosses, roderic_serpentine_path, minivault_14,
          serial_bayou_crossing
D:2:      layout_basic, guppyfry_early_orc_mine
D:3:      layout_loops_ring, mainiacjoe_overflow_alcove_1, tgw_xom
D:4:      minmay_thinvault, layout_loops_cross, uniq_eustachio

Skill      XL: |  1  2  3  4  5 |
---------------+----------------+-----
Long Blades    | 2 3 4 |  4.1
Shields        | 3 |  3.2
Armour         | 3 |  3.1
Fighting       | |  3.3
Dodging        | |  0.2
Stealth        | |  0.2

Action                   |  1- 3 |  4- 6 || total
-------------------------+-------+-------++-------
Melee: Long sword        |   135 |    80 ||   215
  Use: Scroll            |     1 |     1 ||     2
       Potion            |       |     1 ||     1
Armor: Scale mail        |    22 |       ||    22
       Chain mail        |    41 |    20 ||    61
Dodge: Dodged            |    28 |    34 ||    62
Block: Kite shield       |   109 |    61 ||   170
       Rpst.: Long sword |    10 |    14 ||    24
